 Dungeon Crawl Stone Soup version 0.29-a0-283-ga02f740833 (webtiles) character file.

Game seed: 10593500963279295085

203 Dabor the Covered (level 5, -5/34 HPs)
             Began as a Gargoyle Fighter on Mar 13, 2022.
             Was an Initiate of Gozag.
             Slain by a gnoll sergeant
             ... wielding a +0 spear
              (7 damage)
             ... on level 6 of the Dungeon.
             The game lasted 00:06:11 (3100 turns).

Dabor the Covered (Gargoyle Fighter)                Turns: 3100, Time: 00:06:11

Health: -5/34      AC: 12    Str: 19    XL:     5   Next: 81%
Magic:  5/5        EV:  9    Int:  9    God:    Gozag
Gold:   176        SH:  5    Dex: 11    Spells: 4/4 levels left

rFire   . . .      SeeInvis .   a - +0 flail
rCold   . . .      Faith    .   c - +0 buckler
rNeg    + . .      Spirit   .   b - +1 scale mail
rPois   ∞          Reflect  .   (no helmet)
rElec   +          Harm     .   (no cloak)
rCorr   .          Rampage  .   (no gloves)
Will    .....                   (no boots)
Stlth   ..........              (no amulet)
HPRegen 0.11/turn               (no ring)
MPRegen 0.09/turn               (no ring)

@: mighty, silenced
A: sickness immunity, AC +4, negative energy resistance 1, electricity
resistance, torment resistance 1, petrification resistance
a: Renounce Religion


You were on level 6 of the Dungeon.
You worshipped Gozag.
Gozag was aware of your devotion.
You visited 1 branch of the dungeon, and saw 5 of its levels.

You collected 207 gold pieces.
You paid 31 gold pieces to Gozag.

Inventory:

Hand Weapons
 a - a +0 flail (weapon)
Armour
 b - a +1 scale mail (worn)
 c - a +0 buckler (worn)
Wands
 v - a wand of paralysis (10)
Scrolls
 e - a scroll of fog
 h - a scroll of enchant armour
 q - 3 scrolls of noise {unknown}
 u - a scroll of summoning {unknown}
Potions
 d - a potion of degeneration {unknown}
 f - a potion of invisibility {unknown}
 i - a potion of resistance {unknown}
 k - a potion of heal wounds {unknown}
 m - 2 potions of curing
 n - a potion of cancellation {unknown}
 o - 3 potions of haste {unknown}
 r - 2 potions of lignification {unknown}
 s - a potion of flight {unknown}


   Skills:
 + Level 4.4 Fighting
 + Level 3.3 Maces & Flails
 + Level 4.4 Armour
 + Level 4.4 Shields


You had 4 spell levels left.
You didn't know any spells.
Your spell library contained the following spells:

 Spells                   Type           Power      Damage    Failure   Level
 Call Canine Familiar     Summ           0%         N/A       99%         3
 Portal Projectile        Hex/Tloc       0%         N/A       99%         3
 Leda's Liquefaction      Hex/Erth       0%         N/A       100%        4
 Conjure Ball Lightning   Conj/Air       0%         3x3d6     100%        6
 Discord                  Hex            0%         N/A       100%        8
 Disjunction              Tloc           0%         N/A       100%        8


Dungeon Overview and Level Annotations

Branches:
Dungeon (4/15)
 Temple: D:4-7

Altars:
Ashenzari
Elyvilon
Gozag

Shops:
D:1 :


Innate Abilities, Weirdness & Mutations

You are immune to sickness and miasma.
Your stone body is resilient. (AC +4)
You are immune to poison.
You resist negative energy. (rN+)
You are resistant to electric shocks. (rElec)
You are resistant to unholy torment.
You are immune to petrification.


Message History

The bullfrog hits you but does no damage.
You feel very mighty all of a sudden. The bullfrog closely misses you.
You barely miss the bullfrog.
The bullfrog hits you but does no damage. x2
You barely miss the bullfrog. The bullfrog barely misses you.
The bullfrog hits you. The bullfrog barely misses you.
You barely miss the bullfrog.
The bullfrog hits you but does no damage.
You block the bullfrog's attack.
The bullfrog hits you but does no damage.
You block the bullfrog's attack.
You closely miss the bullfrog. The bullfrog misses you.
The bullfrog hits you but does no damage.
The gnoll sergeant hits you but does no damage.
You block the bullfrog's attack. The bullfrog hits you!
The gnoll sergeant hits you from afar with a +0 spear.
You closely miss the bullfrog.
The bullfrog hits you but does no damage.
You block the bullfrog's attack.
The gnoll sergeant hits you but does no damage.
The bullfrog barely misses you. The bullfrog completely misses you.
You sock the gnoll!
The gnoll is almost dead.
The bullfrog hits you.
The bullfrog hits you but does no damage.
The gnoll hits you with a +0 club.
The gnoll hits you from afar with a +0 halberd!
The gnoll sergeant closely misses you. You block the bullfrog's attack.
The bullfrog barely misses you.
You barely miss the gnoll.
The gnoll is almost dead.
The bullfrog hits you but does no damage.
The gnoll hits you but does no damage.
The gnoll sergeant hits you from afar with a +0 spear!
* * * LOW HITPOINT WARNING * * *
The bullfrog barely misses you. You block the bullfrog's attack.
The gnoll sergeant hits you from afar with a +0 spear!
You die...
Your body crumbles into a pile of gold.

.######## #.......#
##.......# ###
........######..
#####.......#......#
...>.)............#
#...F....#......#
#g@Fg###......=#
#.##g......gg?.# #g
.#.....gFg# ..
..<.......... ###
#...#g.#.####
$..........
...#######. .. .. .
..


You could see a gnoll sergeant, 2 bullfrogs and 3 gnolls.

Vanquished Creatures
  A scorpion (D:4)
  Jessica (D:3)
  3 adders
  A worm (D:3)
  2 dart slugs
  2 orcs (D:3)
  12 bats
  2 endoplasms
  5 giant cockroaches
  9 goblins
  8 hobgoblins
  5 jackals
  8 kobolds
  5 quokkas
  6 ball pythons
  10 frilled lizards
  3 rats (D:1)
83 creatures vanquished.

Vanquished Creatures (others)
  4 toadstools (D:1)
4 creatures vanquished.

Grand Total: 87 creatures vanquished

Notes
Turn   | Place    | Note
-------+----------+-------------------------------------------
     0 | D:1      | Dabor the Gargoyle Fighter began the quest for the Orb.
     0 | D:1      | Reached XP level 1. HP: 14/14 MP: 1/1
   398 | D:1      | Reached XP level 2. HP: 12/19 MP: 2/2
   721 | D:1      | Reached XP level 3. HP: 15/23 MP: 3/3
  1043 | D:1      | Found Cammud's Book Shoppe.
  1765 | D:2      | Reached XP level 4. HP: 19/29 MP: 4/4
  2405 | D:3      | Found an opulent altar of Gozag.
  2469 | D:3      | Found a faded altar of an unknown god.
  2519 | D:3      | Prayed at the altar of an unknown god.
  2519 | D:3      | Became a worshipper of Elyvilon the Healer
  2519 | D:3      | Reached * piety under Elyvilon
  2645 | D:3      | Fell from the grace of Elyvilon
  2646 | D:3      | Became a worshipper of Gozag Ym Sagoz the Greedy
  2701 | D:3      | Reached XP level 5. HP: 33/33 MP: 5/5
  2737 | D:3      | Noticed Jessica
  2743 | D:3      | Killed Jessica
  3084 | D:4      | Found a broken altar of Ashenzari.
  3084 | D:4      | You fall into a shaft and drop 2 floors!
  3089 | D:6      | Identified the ring "Qiyzym" {rCorr MP+9 Str-2 Int+7}
  3100 | D:6      | Slain by a gnoll sergeant

Illustrated notes

Levels and vault maps discovered:
D:1:      ldierk_walled_garden_2, layout_basic, serial_shops, shop,
          minmay_pentomino_z4
D:2:      layout_basic
D:3:      layout_basic, mainiacjoe_overflow_surrounded_room,
          shapermc_ecumenical_altar_starsandcircs, dreamdust_princess_corridor,
          minmay_fractal_squares_diagonal_5, uniq_jessica
D:4:      layout_loops_ring, evilmike_ruin_ashenzari, fedhas_altar_4,
          makhleb_blood_cavern_becter, serial_shops, nicolae_shop_behind_doors
D:6:      layout_rooms, jmf_multi_god_temple2, enter_ossuary_5,
          hangedman_decor_push, minmay_ruffians

Skill      XL: |  1  2  3  4 |
---------------+-------------+-----
Shields        | 4 |  4.4
Fighting       | 4 |  4.4
Armour         | 4 |  4.4
Maces & Flails | 3 |  3.3

Action                   |  1- 3 |  4- 6 || total
-------------------------+-------+-------++-------
Melee: Flail             |   159 |   160 ||   319
Invok: Renounce Religion |       |     1 ||     1
  Use: Potion            |     1 |     2 ||     3
       Scroll            |     2 |     5 ||     7
Armor: Scale mail        |   151 |   109 ||   260
Dodge: Dodged            |   117 |    93 ||   210
Block: Buckler           |    55 |    54 ||   109

Table legend: (Time is in decaauts)
 A = Elapsed time spent in this place.
 B = Non-inter-level travel time spent in this place.
 C = Inter-level travel time spent in this place.
 D = Time resting spent in this place.
 E = Time spent auto-exploring this place.
 F = Levels seen in this place.
 G = Mean time per level.
                   A        B        C        D        E       F      G
               +--------+--------+--------+--------+--------+-----+--------+
         Total |   3201 |   3117 |     84 |    379 |   1963 |   5 |  640.2 |
       Dungeon |   3201 |   3117 |     84 |    379 |   1963 |   5 |  640.2 |
               +--------+--------+--------+--------+--------+-----+--------+

Top non-repeatable levels by time:
     D:1: 1619 daAuts
     D:3: 773 daAuts
     D:2: 674 daAuts
     D:4: 116 daAuts
     D:6: 17 daAuts
